 Dungeon Crawl Stone Soup version 0.26-a0-639-g72c4674329 (webtiles) character file.

Game seed: 6740998984140144248

25 MrRokkomies the Sneak (level 2, 0/26 HPs)
             Began as a Demigod Delver on Sept 16, 2020.
             Slain by a phantom (2 damage)
             ... on level 5 of the Dungeon.
             The game lasted 00:00:45 (153 turns).

MrRokkomies the Sneak (Demigod Delver)               Turns: 153, Time: 00:00:46

Health: 0/26       AC:  3    Str: 15    XL:     2   Next: 63%
Magic:  4/4        EV: 12    Int: 14    God:
Gold:   0          SH:  0    Dex: 17    Spells: 1/1 levels left

rFire    . . .     SeeInvis .   i - +0 long sword
rCold    . . .     Faith    .   (no shield)
rNeg     . . .     Spirit   .   b - +0 leather armour
rPois    .         Reflect  .   (no helmet)
rElec    .         Harm     .   (no cloak)
rCorr    .         Rampage  .   (no gloves)
MR       .....                  (no boots)
Stlth    +++.......             (no amulet)
HPRegen  0.08/turn              (no ring)
MPRegen  0.09/turn              (no ring)

@: no status effects
A: high mp 1
a: no special abilities


You were on level 5 of the Dungeon.
You visited 1 branch of the dungeon, and saw 1 of its levels.

Inventory:

Hand Weapons
 a - a +0 falchion
 i - a +0 long sword (weapon)
Missiles
 j - 3 javelins (quivered)
Armour
 b - a +0 leather armour (worn)
Wands
 g - a wand of digging (3)
Scrolls
 c - a scroll of fog
 d - a scroll of magic mapping
 e - a scroll of fear
 h - a scroll of enchant weapon {unknown}
Potions
 f - a potion of haste


   Skills:
 * Level 3.1 Fighting
 * Level 2.3 Long Blades
 + Level 2.1 Dodging
 - Level 4.5 Stealth


You had one spell level left.
You didn't know any spells.
Your spell library was empty.

Dungeon Overview and Level Annotations

Branches:
Dungeon (5/15)
 Temple: D:4-7


Innate Abilities, Weirdness & Mutations

You have an increased reservoir of magic. (+10% MP)


Message History

* * * LOW HITPOINT WARNING * * *
You feel sick.
You are no longer poisoned.
The phantom hits you but does no damage.
You hit the phantom.
The phantom is lightly damaged.
The phantom blinks!
Throwing (i - inventory)
j - 4 javelins (quivered)
Press: ? - help, Shift-Dir - straight line, f - phantom
Aim: a phantom (lightly damaged)
You throw a javelin. The javelin barely misses the phantom.
The phantom misses you.
Unknown command.
You barely miss the phantom.
The phantom is lightly damaged.
The phantom closely misses you.
You hit the phantom.
The phantom is lightly damaged.
The phantom hits you.
You die...

#....#
###..#
#..#
#..#
#..#
#..#
##..#
##(..#
#..W@#
##...#
#####


You could see a phantom.

Vanquished Creatures
  A worker ant (D:5)
  A quokka (D:5)
2 creatures vanquished.

Notes
Turn   | Place    | Note
-------+----------+-------------------------------------------
     0 | D:5      | MrRokkomies the Demigod Delver began the quest for the Orb.
     0 | D:5      | Reached XP level 1. HP: 18/18 MP: 3/3
     1 | D:5      | Found a stormy altar of Qazlal.
    37 | D:5      | Noticed a sky beast
   109 | D:5      | Noticed a worker ant
   114 | D:5      | Killed a worker ant
   114 | D:5      | Reached XP level 2. HP: 17/26 MP: 4/4
   144 | D:5      | Noticed a phantom
   147 | D:5      | HP: 1/26 [poisoned by a worker ant]
   153 | D:5      | Slain by a phantom

Illustrated notes

Levels and vault maps discovered:
D:5:      layout_loops_ring, nicolae_overflow_hidden_temple,
          minmay_temple_entry_fiery, basic_altar, serial_shops,
          kennysheep_mini_moat

Skill      XL: |  1 |
---------------+----+-----
Fighting       | 3 |  3.1
Long Blades    | 2 |  2.3
Dodging        | 2 |  2.1
Stealth        | |  4.5

Action                   || total
-------------------------++-------
Melee: Long sword        ||     5
Throw: Javelin           ||     4
 Stab: Sleeping          ||     1
Armor: Leather armour    ||     1
Dodge: Dodged            ||     4
       Rpst.: Long sword ||     1

Table legend: (Time is in decaauts)
 A = Elapsed time spent in this place.
 B = Non-inter-level travel time spent in this place.
 C = Inter-level travel time spent in this place.
 D = Time resting spent in this place.
 E = Time spent auto-exploring this place.
 F = Levels seen in this place.
 G = Mean time per level.
                   A        B        C        D        E       F      G
               +--------+--------+--------+--------+--------+-----+--------+
         Total |    155 |    155 |      0 |      0 |     86 |   1 |  155.0 |
       Dungeon |    155 |    155 |      0 |      0 |     86 |   1 |  155.0 |
               +--------+--------+--------+--------+--------+-----+--------+

Top non-repeatable levels by time:
     D:5: 155 daAuts
